AoeStats
← Javier Milei

Black Forest

507582717Analyzed
3v3 RM · 14d ago on Sep 18, 2026· 60m 5s· 6 players
Game mode
Random Map
Map size
Normal (6 player)
Population
200
Speed
Normal
Resources
Standard
Victory
Conquest
Starting age
Dark Age
Ending age
Imperial Age
RankedLock teamsTeams togetherTeam positionsShared explorationLock speedFull tech treeHidden civsTurbo modeCheats
Victory
Defeat
🇪🇸 Poles · Spain
823
+5
🇪🇸 Khmer · Spain
688
+8
🇪🇸 Portuguese · Spain
646
+10
🇷🇺 Spanish · Russia
580
-10
🇲🇦 Berbers · Morocco
540
-8
🇪🇸 Spanish · Spain
420
-5
Anubis
0:36 Loom
15:31 Feudal Age
21:33 Castle Age
21:20 Double-Bit Axe
21:18 Horse Collar
24:48 Fervor
26:26 Sanctity
28:36 Bow Saw
34:06 Imperial Age
32:14 Wheelbarrow
32:57 Fortified Wall
33:10 Ballistics
33:19 Heavy Plow
36:07 Two-Man Saw
35:00 Gold Mining
36:27 Hand Cart
38:59 Stone Mining
40:33 Chemistry
39:19 Arrowslits
39:29 Murder Holes
39:45 Masonry
40:01 Herbal Medicine
40:27 Block Printing
40:37 Redemption
40:52 Forging
40:32 Fletching
40:43 Padded Archer Armor
40:43 Scale Mail Armor
40:48 Scale Barding Armor
42:10 Stone Shaft Mining
43:00 Elite Conquistador
44:03 Supremacy
43:06 Cavalier
43:47 Husbandry
44:46 Iron Casting
44:06 Bodkin Arrow
44:27 Leather Archer Armor
44:27 Chain Mail Armor
44:32 Chain Barding Armor
45:07 Illumination
45:12 Bloodlines
44:22 Light Cavalry
45:29 Paladin
46:33 Conscription
46:50 Hoardings
47:56 Blast Furnace
46:56 Bracer
47:27 Ring Archer Armor
49:17 Town Watch
52:37 Plate Barding Armor
52:34 Plate Mail Armor
52:37 Town Patrol
ruben92_7
13:31 Feudal Age
18:06 Wheelbarrow
27:00 Castle Age
37:06 Hand Cart
44:21 Imperial Age
51:55 Elite Conquistador
AZIX
11:21 Feudal Age
13:26 Wheelbarrow
13:30 Double-Bit Axe
14:28 Horse Collar
15:43 Stone Mining
18:35 Gold Mining
22:58 Castle Age
26:14 Hand Cart
31:32 Imperial Age
34:26 Chemistry
33:12 Arrowslits
38:53 Heavy Scorpion
47:13 Fletching
47:57 Ballistics
57:02 Gold Shaft Mining
57:04 Stone Shaft Mining
Javier Milei
0:30 Loom
15:47 Feudal Age
22:54 Castle Age
21:46 Forging
22:32 Horse Collar
23:52 Heavy Plow
23:45 Double-Bit Axe
28:21 Fortified Wall
28:07 Murder Holes
29:09 Padded Archer Armor
29:00 Fletching
30:49 Masonry
31:49 Wheelbarrow
33:13 Hand Cart
33:30 Bow Saw
34:17 Treadmill Crane
35:17 Iron Casting
34:51 Scale Barding Armor
34:54 Stone Mining
38:31 Pikeman
38:57 Arson
44:42 Imperial Age
42:55 Scale Mail Armor
42:48 Heated Shot
46:14 Chain Barding Armor
46:57 Blast Furnace
47:02 Ballistics
47:43 Chemistry
47:07 Bodkin Arrow
47:30 Chain Mail Armor
49:04 Halberdier
55:06 Conscription
55:56 Caravan
55:56 Elite Organ Gun
acrubio93
0:30 Loom
12:16 Feudal Age
12:43 Double-Bit Axe
12:49 Horse Collar
17:54 Wheelbarrow
20:55 Castle Age
21:55 Heavy Plow
22:08 Bow Saw
22:26 Hand Cart
24:36 Forging
24:32 Scale Barding Armor
24:57 Husbandry
26:40 Bloodlines
28:06 Gold Mining
28:09 Stone Mining
32:20 Imperial Age
31:11 Stone Shaft Mining
32:54 Cavalier
34:12 Iron Casting
33:58 Chain Barding Armor
34:29 Crop Rotation
35:05 Chemistry
34:16 Masonry
34:28 Ballistics
35:12 Szlachta Privileges
36:46 Treadmill Crane
41:34 Blast Furnace
40:25 Fletching
40:35 Padded Archer Armor
43:09 Elite Skirmisher
43:57 Thumb Ring
43:49 Bodkin Arrow
44:10 Leather Archer Armor
46:09 Caravan
56:07 Coinage
56:45 Scale Mail Armor
56:46 Bracer
56:59 Siege Engineers
hectorfoot
0:32 Loom
14:08 Feudal Age
23:31 Castle Age
22:38 Double-Bit Axe
22:39 Horse Collar
22:52 Gold Mining
22:58 Stone Mining
28:59 Elite Skirmisher
29:26 Arson
29:02 Pikeman
29:44 Husbandry
30:09 Bloodlines
33:20 Bow Saw
35:58 Imperial Age
35:04 Wheelbarrow
34:16 Town Watch
34:44 Forging
34:36 Scale Mail Armor
34:42 Scale Barding Armor
35:08 Ballistics
35:32 Heavy Plow
36:38 Bow Saw
37:44 Conscription
38:01 Hoardings
38:18 Iron Casting
37:34 Fletching
37:44 Padded Archer Armor
39:22 Double Crossbow
39:49 Hand Cart
40:21 Crop Rotation
41:44 Caravan
41:36 Elite Ballista Elephant
44:45 Murder Holes
46:25 Chemistry
45:36 Fortified Wall
47:31 Light Cavalry
50:48 Hussar
55:38 Blast Furnace
54:33 Bodkin Arrow
54:54 Leather Archer Armor
54:54 Chain Mail Armor
54:59 Chain Barding Armor
Connection lost

Rejoining the realm…

Still unreachable

The connection could not be restored.

Session expired

The server has moved on; the page needs a fresh start.